Cogmind - Beta 15 @@@ ROGUE MODE // 2025.05.09 @ 15:36:19 Player: Demo Result: Destroyed by Enhanced Grunt with Neutron Cannon Performance ------------- Evolutions (4) 2000 Regions Visited (9) 1800 Robots Destroyed (87) 435 Value Destroyed (3307) 3307 Prototype IDs (21) 420 Alien Tech Used (0) 0 Bonus (1067) 1067 TOTAL SCORE: 9029 Bonus ------- Registered with UFD 300 Met Optimus in HQ 500 Met Data Miner 300 Friendly Fire -33 Cogmind --------- Core Integrity 0/850 Matter 130/300 Energy 228/560 System Corruption 5% Temperature Warm (197) Movement Core (1600) Ox31 Location -6/Data Miner Parts ------- > --- POWER (2) -------- Light Nuclear Core F-cell Engine > --- PROPULSION (3) --- (None) > --- UTILITY (8) ------ Scrap Suit Improved Heat Sink Large Storage Unit High-capacity Storage Unit Spectral Analyzer Targeting Computer > --- WEAPON (2) ------- Proton Cannon Heavy Particle Cannon > --- INVENTORY (20) --- Improved Treads High-capacity Matter Pod (200) Matter Compressor (250) Advanced Melee Analysis Suite Makeshift Hacking Suite Compact Ion Cannon Compact Ion Cannon Compact Ion Cannon Heavy Missile Launcher CPS Tube (2) Ripteeth Botcube Peak State ------------ > --- POWER ------------ F-cell Engine F-cell Engine > --- PROPULSION ------- Wheel Armored Huge Wheel > --- UTILITY ---------- Improved Heat Sink Improved Cooling System Large Storage Unit Spectral Analyzer Advanced Signal Interpreter Targeting Computer Heavy Insulated Plating > --- WEAPON ----------- Compact Ion Cannon Compact Ion Cannon > --- INVENTORY -------- Armored Huge Wheel Scrap Suit Energy Well Matter Compressor Improved Particle Charger Compact Ion Cannon Guided EMP Blaster Long-range Missile Launcher CPS Tube Axe Ripteeth Botcube [Rating: 73] Favorites ----------- Power F-cell Engine Engine F-cell Engine Power Core Light Nuclear Core Propulsion Wheel Treads Light Treads Leg Carbon-fiber Leg Wheel Wheel Flight Unit Improved Flight Unit Utility Large Storage Unit Device Improved Heat Sink Storage Large Storage Unit Processor Spectral Analyzer Protection Hardened Light Armor Plating Weapon Compact Ion Cannon Energy Gun EM Pulse Gun Energy Cannon Compact Ion Cannon Ballistic Gun Improved Assault Rifle Launcher Guided EMP Blaster Special Weapon Mining Laser Slashing Weapon Axe Build | -11 -10 -9 -9 -9 -9 -6 -6 -6 -6 ------- Run | Yrd Mat Mat Sto Rec Scr Fac Low Low Dat Slots Evolved 8 | . . 2 . . . 6 . . . Power 1 | . . . . . . 1 . . . Propulsion 1 | . . . . . . 1 . . . Utility 6 | . . 2 . . . 4 . . . Weapon . | . . . . . . . . . . Parts Attached 112 | 7 8 10 16 . 8 43 10 4 6 Power 14 | 1 1 1 1 . 1 5 1 . 3 Engine 13 | 1 1 1 1 . 1 5 1 . 2 Core 1 | . . . . . . . . . 1 Reactor . | . . . . . . . . . . Propulsion 29 | 2 5 1 5 . . 12 3 1 . Treads 6 | . 1 . 2 . . 1 1 1 . Leg 4 | . . . . . . 3 1 . . Wheel 18 | 2 4 1 2 . . 8 1 . . Hover . | . . . . . . . . . . Flight 1 | . . . 1 . . . . . . Utility 41 | 2 1 4 5 . 5 17 4 3 . Device 14 | 1 . 1 1 . . 6 4 1 . Storage 7 | 1 1 . 1 . . 3 . 1 . Processor 7 | . . 1 . . 1 5 . . . Hackware . | . . . . . . . . . . Protection 13 | . . 2 3 . 4 3 . 1 . Artifact . | . . . . . . . . . . Weapon 28 | 2 1 4 5 . 2 9 2 . 3 Energy Gun 10 | 1 1 . 4 . . 4 . . . Energy Cannon 5 | . . 1 . . . 2 . . 2 Ballistic Gun 6 | 1 . 2 1 . 1 1 . . . Ballistic Cannon . | . . . . . . . . . . Launcher 5 | . . . . . . 2 2 . 1 Special Weapon 1 | . . 1 . . . . . . . Impact Weapon . | . . . . . . . . . . Slashing Weapon 1 | . . . . . 1 . . . . Piercing Weapon . | . . . . . . . . . . Special Melee Weapon . | . . . . . . . . . . Unidentified Prototypes 6 | . . . 2 . . 4 . . . Corrupted Parts 1 | . . . . . . . 1 . . System Corruption 2 | . . . . . . . 2 . . Parts Lost 37 | . 2 4 2 . . 11 6 5 7 Power 7 | . 1 1 . . . 1 1 . 3 Propulsion 12 | . . 1 . . . 6 2 1 2 Utility 13 | . . . 2 . . 4 3 3 1 Weapon 5 | . 1 2 . . . . . 1 1 Highest Loss Streak 7 | . 2 4 1 . . 3 3 4 7 To Critical Strikes . | . . . . . . . . . . Average Backups 12 | 2 10 14 14 15 13 11 10 11 16 Power . | . . . . . . . 1 2 2 Propulsion 2 | 2 4 4 4 4 4 1 1 1 1 Utility 4 | . 2 3 5 6 4 4 3 3 4 Weapon 4 | . 3 6 5 5 4 5 4 4 7 Tool/Special . | . . . . . . . . . . Unused Backups 29 | 1 4 . 3 . 4 8 . . 9 Power 2 | . . . . . . 2 . . . Propulsion 8 | 1 4 . . . . 3 . . . Utility 12 | . . . 1 . 3 2 . . 6 Weapon 6 | . . . 2 . 1 1 . . 2 Tool/Special 1 | . . . . . . . . . 1 Average Slot Usage (%) 91 | . 99 97 98 100 100 89 80 80 75 Engine 10 | . 14 10 11 11 11 8 7 13 11 Treads 1 | . 1 2 1 . . . 3 3 4 Wheel 15 | . 26 18 20 22 22 15 6 6 4 Device 10 | . 14 21 6 . . 12 21 21 13 Storage 9 | . 14 11 11 11 11 8 6 7 13 Processor 11 | . . . 11 11 11 15 13 13 13 Protection 12 | . . 11 13 22 22 11 3 1 4 Energy Gun 6 | . 13 4 11 11 11 5 . . . Energy Cannon 4 | . . 2 1 . . 3 12 11 4 Ballistic Gun 4 | . 14 11 7 11 9 . . . . Slashing Weapon 1 | . . . . . 1 2 . . . Peak Build Rating 73 | 7 8 13 14 13 25 73 71 66 66 Average Rating 36 | 6 7 12 12 13 17 56 61 60 57 On Entrance 27 | . 7 8 13 13 13 24 71 60 66 Naked Turns . | . . . . . . . . . . Heaviest Build 99 | 13 30 37 40 38 44 75 75 97 99 Greatest Support 38 | 32 32 20 20 20 20 38 38 28 28 Greatest Overweight (x) 5 | . 1 1 3 1 2 5 2 3 3 Average Overweight (x) 1 | . . 1 1 1 1 1 1 1 3 Largest Inventory Capacity 20 | 8 15 15 15 15 15 15 15 20 20 Average Capacity 14 | 7 13 15 15 15 15 15 15 16 20 Most Carried 20 | 6 15 15 15 15 15 15 15 19 20 Average Carried 14 | 2 11 14 14 15 14 14 13 14 18 Final Capacity 20 | 8 15 15 15 15 15 15 15 20 20 Final Carried 19 | 6 15 15 15 15 15 15 14 19 12 Class Distribution -------------------- 62% | Mutant 35% | Scavenger-Mutant Dominant Class ---------------- Mutant | -10/Materials Scavenger-Mutant | -9/Materials Mutant | -9/Storage Mutant | -9/Recycling Mutant | -9/Scraptown Scavenger-Mutant | -6/Factory Mutant | -6/Lower Caves Scavenger-Mutant | -6/Lower Caves Scavenger-Mutant | -6/Data Miner Resources | -11 -10 -9 -9 -9 -9 -6 -6 -6 -6 ----------- Run | Yrd Mat Mat Sto Rec Scr Fac Low Low Dat Matter Collected 3121 | 416 126 136 449 . 279 864 302 549 . Remotely . | . . . . . . . . . . Salvage Created 4019 | 193 250 291 604 . . 1059 873 446 303 Parts 190 | 16 15 17 31 . . 45 36 20 10 Haulers Intercepted 4 | . 1 . 3 . . . . . . Recyclers Shooed 1 | . . . 1 . . . . . . Parts Field Recycled . | . . . . . . . . . . Retrieved Matter . | . . . . . . . . . . Parts Self-Destructed 38 | . . . . . . . 24 14 . Prevented 11 | . . . . . . . 7 4 . Kills | -11 -10 -9 -9 -9 -9 -6 -6 -6 -6 ------- Run | Yrd Mat Mat Sto Rec Scr Fac Low Low Dat Combat Hostiles Destroyed 69 | . 6 6 7 . . 20 14 13 3 Melee 6 | . . . . . . 6 . . . Guns 20 | . 5 5 7 . . 3 . . . Cannons 16 | . . 1 . . . 3 8 4 . AOE 16 | . 1 . . . . 5 3 7 . Classes Destroyed 12 | 3 3 1 . . . 3 2 . . Worker 6 | 2 . . . . . 4 . . . Tunneler 4 | 4 . . . . . . . . . Hauler 4 | . 1 . 3 . . . . . . Recycler 3 | 1 . . 2 . . . . . . Mechanic 1 | . . . . . . 1 . . . Swarmer 15 | . 2 . . . . 3 2 8 . Grunt 34 | . 4 4 3 . . 12 6 5 . Duelist 1 | . . . . . . . 1 . . Sentry 10 | . . 2 4 . . 2 2 . . Hunter 1 | . . . . . . 1 . . . Programmer 4 | . . . . . . 2 2 . . Behemoth 1 | . . . . . . . 1 . . Enhanced Grunt 3 | . . . . . . . . . 3 Decomposer 4 | . . . . . . . 4 . . Best Kill Streak 5 | 3 4 2 4 . . 4 5 4 3 Combat Bots Only 5 | . 4 2 2 . . 3 5 4 3 Max Kills in Single Turn 4 | 1 1 1 1 . . 3 1 4 2 Gunslinging . | . . . . . . . . . . Exploded 4 | . 1 . . . . 3 1 4 . Melee 1 | . . . . . . 1 . . . Uniques/NPCs Destroyed . | . . . . . . . . . . Combat | -11 -10 -9 -9 -9 -9 -6 -6 -6 -6 -------- Run | Yrd Mat Mat Sto Rec Scr Fac Low Low Dat Hostile Shots Fired 536 | . 32 40 50 . 3 186 140 51 34 Missed 150 | . 9 5 9 . . 63 42 8 14 Hits 386 | . 23 35 41 . 3 123 98 43 20 Melee 4 | . . 2 . . . . 2 . . Projectile 382 | . 23 33 41 . 3 123 96 43 20 AOE 6 | . . . . . . 6 . . . Critical Strikes 21 | . . 2 4 . 1 7 4 3 . Part Disruptions 1 | . . . . . . . . . 1 Actively Blocked 1 | . . . . . . . . . 1 Damage Taken 6884 | . 261 566 571 . 58 2032 1627 852 917 Core 1075 | . 40 72 104 . . 232 213 259 155 Absorbed by Shields 326 | . . . 4 . . 322 . . . Redirected to Shielding 88 | . . . . . . . . . 88 Ignored by Resistances 138 | . . . . . . 138 . . . Regen/Repaired (Parts) 222 | . . . . . 222 . . . . Core Remaining (%) 80 | 100 84 . . . 56 . . . . Volleys Fired 286 | 23 17 35 43 . . 56 49 45 18 Largest 2 | 2 2 2 2 . . 2 2 2 2 Hottest 180 | 60 60 100 106 . . 180 180 180 180 Shots Fired 487 | 46 32 57 84 . . 90 91 65 22 Gun 262 | 46 32 49 82 . . 53 . . . Cannon 189 | . . 6 . . . 32 85 52 14 Launcher 32 | . . . . . . 5 6 13 8 Special 4 | . . 2 2 . . . . . . Kinetic 109 | 23 17 32 32 . . 5 . . . Thermal 266 | . . 8 39 . . 70 85 52 12 Explosive 8 | . . . . . . 5 1 2 . Electromagnetic 104 | 23 15 17 13 . . 10 5 11 10 Robot Hit Streak 15 | 5 8 11 15 . . 12 9 8 7 Robot Miss Streak 5 | 5 2 2 2 . . 2 3 2 2 Penetration Max . | . . . . . . . . . . Secondary Targets 2 | . 1 1 . . . . . . . Max Gunslinging Chain 1 | . 1 1 . . . . . . . Shots Hit Robots 339 | 26 21 37 63 . . 94 51 35 12 Core Hits 155 | 8 11 11 25 . . 43 28 17 12 Critical Kills 2 | . . . . . . 1 1 . . Critical Parts Destroyed . | . . . . . . . . . . Critical Strikes 16 | . 1 . 3 . . 11 1 . . Burn 6 | . . . 3 . . 3 . . . Meltdown 2 | . . . . . . 1 1 . . Corrupt 2 | . 1 . . . . 1 . . . Sever 6 | . . . . . . 6 . . . Melee Attacks 50 | . . . . . 1 49 . . . Impact . | . . . . . . . . . . Slashing 50 | . . . . . 1 49 . . . Piercing . | . . . . . . . . . . Sneak Attacks 3 | . . . . . . 3 . . . Combat Hostiles . | . . . . . . . . . . Follow-up Attacks . | . . . . . . . . . . Damage Inflicted 9497 | 324 308 514 852 . . 3018 2126 1875 480 Guns 2676 | 324 264 410 852 . . 826 . . . Cannons 3323 | . . 71 . . . 666 1567 862 157 Explosions 2419 | . 44 33 . . . 447 559 1013 323 Melee 1079 | . . . . . . 1079 . . . Ramming . | . . . . . . . . . . Kinetic 883 | 158 109 256 319 . . 41 . . . Thermal 4402 | . 44 104 406 . . 1282 1567 862 137 Explosive 1279 | . . . . . . 447 263 569 . Electromagnetic 1854 | 166 155 154 127 . . 169 296 444 343 Impact . | . . . . . . . . . . Slashing 1079 | . . . . . . 1079 . . . Piercing . | . . . . . . . . . . Highest Corruption 5 | . . . . . . 1 5 5 5 Average Corruption 2 | . . . . . . 1 2 5 5 Corruption Purged . | . . . . . . . . . . Corruption Blocked . | . . . . . . . . . . Effects 57 | . . . . . . 8 24 21 4 Message Errors 17 | . . . . . . 5 7 5 . Matter Fused 12 | . . . . . . 2 4 5 1 Heat Flow Errors 7 | . . . . . . 1 2 4 . Energy Discharges 6 | . . . . . . . 3 1 2 Parts Rejected 1 | . . . . . . . . 1 . Parts Fused 2 | . . . . . . . 2 . . Data Loss (minor) 4 | . . . . . . . 2 2 . Data Loss (major) 3 | . . . . . . . 1 2 . Misfires 3 | . . . . . . . 2 1 . Alerts 1 | . . . . . . . 1 . . Weapon Failures 1 | . . . . . . . . . 1 Overload Shots . | . . . . . . . . . . Overflow Damage 249 | . 2 . . . . 70 86 91 . Projectiles 182 | . . . . . . 25 86 71 . Explosions 22 | . 2 . . . . . . 20 . Melee 45 | . . . . . . 45 . . . Knockbacks . | . . . . . . . . . . Impact . | . . . . . . . . . . Kinetic . | . . . . . . . . . . Secondary . | . . . . . . . . . . Self-Inflicted Damage 217 | . 38 36 . . . 22 . 121 . Shots 5 | . 1 1 . . . 1 . 2 . Rammed . | . . . . . . . . . . Targets Rammed . | . . . . . . . . . . Kicked . | . . . . . . . . . . Crushed . | . . . . . . . . . . Highest Temperature 425 | . 42 13 289 . 22 224 300 425 308 Average Temperature 104 | . 14 8 101 . 14 44 98 188 170 Received Heat Transfer 1822 | . 90 228 264 . 61 689 369 121 . Effects 9 | . . . 5 . . . . 3 1 Shutdowns 1 | . . . . . . . . 1 . Energy Bleed 1 | . . . . . . . . . 1 Interference 5 | . . . 5 . . . . . . Matter Decay 1 | . . . . . . . . 1 . Damage (minor) 1 | . . . . . . . . 1 . Siege Activations . | . . . . . . . . . . Martial Activations . | . . . . . . . . . . Shielding Activations . | . . . . . . . . . . Robots Disrupted 1 | . . . . . . . . . 1 Combat Hostiles 1 | . . . . . . . . . 1 Robots Corrupted 5 | . . . . . . . 1 1 3 Combat Hostiles 5 | . . . . . . . 1 1 3 Parts Fried 17 | . . . . . . . 1 6 10 Impact Corruptions . | . . . . . . . . . . Robots Melted 6 | . . . . . . 3 2 1 . Combat Hostiles 6 | . . . . . . 3 2 1 . Parts Melted 24 | . . . 6 . . 11 4 3 . Heat Transferred 7418 | . . 198 1332 . . 2595 1887 1147 259 Parts Sabotaged . | . . . . . . . . . . Parts Stolen . | . . . . . . . . . . Parts Stripped . | . . . . . . . . . . Power Chain Reactions 2 | . 1 1 . . . . . . . Alert | -11 -10 -9 -9 -9 -9 -6 -6 -6 -6 ------- Run | Yrd Mat Mat Sto Rec Scr Fac Low Low Dat Maximum Alert Level 2 | . . . . . . 2 . . . Low Security (%) 79 | 100 100 100 100 100 . 61 . . . Level 1 18 | . . . . . . 34 . . . Level 2 1 | . . . . . . 3 . . . Level 3 . | . . . . . . . . . . Level 4 . | . . . . . . . . . . Level 5 . | . . . . . . . . . . High Security . | . . . . . . . . . . Max Security . | . . . . . . . . . . Peak Influence 477 | 10 90 95 83 18 . 477 . . . Initial 26 | . . 24 26 18 . . . . . Average 100 | 1 33 56 48 4 . 156 . . . Influence Increases 2498 | 35 214 248 280 6 . 995 325 395 . Destroy 0b10 Robot/C 1320 | . 120 120 140 . . 400 280 260 . Destroy 0b10 Robot/NC 90 | 35 5 . 25 . . 25 . . . Destroy Leader 268 | . 32 30 46 . . 100 30 30 . Successful Hack 53 | . 20 17 8 6 . 2 . . . Disable Machine 75 | . . 15 30 . . 30 . . . Anti-Garrison Action 200 | . . . . . . 200 . . . Destroy Structure 27 | . 7 6 1 . . 13 . . . Partial Spotted 75 | . . 15 . . . 60 . . . Lose Combat Pursuer 390 | . 30 45 30 . . 165 15 105 . Influence Decreases 2498 | 35 157 243 294 54 . 527 760 333 95 Entered New Map 375 | . . 33 36 30 . . 174 7 95 Time Decay 1873 | 35 137 170 238 24 . 467 526 276 . Lost Part 250 | . 20 40 20 . . 60 60 50 . Squads Dispatched 19 | . 3 1 . . . 15 . . . Investigation 9 | . 1 . . . . 8 . . . Extermination 3 | . . . . . . 3 . . . Reinforcement 7 | . 2 1 . . . 4 . . . Assault . | . . . . . . . . . . Garrison . | . . . . . . . . . . Intercept . | . . . . . . . . . . Searches Triggered . | . . . . . . . . . . Construction Impeded . | . . . . . . . . . . Haulers Reinforced . | . . . . . . . . . . Active Scanning Responses . | . . . . . . . . . . Cargo Convoy Interrupts . | . . . . . . . . . . Stealth | -11 -10 -9 -9 -9 -9 -6 -6 -6 -6 --------- Run | Yrd Mat Mat Sto Rec Scr Fac Low Low Dat Distress Signals 5 | . 2 2 1 . . . . . . Communications Jammed . | . . . . . . . . . . Distress Signals . | . . . . . . . . . . Times Spotted 117 | . 11 14 11 . 7 38 15 17 4 Peak Tracking Total 6 | . 4 6 3 . 3 4 5 4 4 Tactical Retreats 16 | . 2 3 2 . . 7 1 1 . Traps | -11 -10 -9 -9 -9 -9 -6 -6 -6 -6 ------- Run | Yrd Mat Mat Sto Rec Scr Fac Low Low Dat Traps Triggered 5 | . 1 . 2 . . 2 . . . Indirectly . | . . . . . . . . . . Trap Hack Attempts . | . . . . . . . . . . Triggered . | . . . . . . . . . . Disarmed . | . . . . . . . . . . Reprogrammed . | . . . . . . . . . . Reused . | . . . . . . . . . . Traps Extracted . | . . . . . . . . . . Installed . | . . . . . . . . . . Triggered . | . . . . . . . . . . Objects Rigged 3 | . 3 . . . . . . . . Machines | -11 -10 -9 -9 -9 -9 -6 -6 -6 -6 ---------- Run | Yrd Mat Mat Sto Rec Scr Fac Low Low Dat Machines Disabled 9 | . . 1 2 . 1 2 2 . 1 Max in Single Turn 1 | . . 1 1 . 1 1 1 . 1 Garrison Access 1 | . . . . . . 1 . . . Machines Repaired . | . . . . . . . . . . Machines Dismantled . | . . . . . . . . . . Machines Sabotaged . | . . . . . . . . . . Overloaded Fab Kills . | . . . . . . . . . . Hacking | -11 -10 -9 -9 -9 -9 -6 -6 -6 -6 --------- Run | Yrd Mat Mat Sto Rec Scr Fac Low Low Dat Machines Accessed 34 | . 3 6 2 1 3 13 2 . 4 Terminals 15 | . 3 5 1 1 . 5 . . . Fabricators 2 | . . . . . . 2 . . . Repair Stations . | . . . . . . . . . . Recycling Units 7 | . . 1 1 . . 5 . . . Scanalyzers . | . . . . . . . . . . Garrison Access 1 | . . . . . . 1 . . . Total Hacks 106 | . 18 21 5 1 5 23 5 . 28 Successful 67 | . 9 9 3 1 5 7 5 . 28 Failed 39 | . 9 12 2 . . 16 . . . Catastrophic 4 | . . 1 1 . . 2 . . . Database Lockouts . | . . . . . . . . . . Manual 60 | . 16 19 5 4 . 16 . . . Terminals 53 | . 18 20 3 1 . 11 . . . Fabricators 4 | . . . . . . 4 . . . Repair Stations . | . . . . . . . . . . Recycling Units 9 | . . 1 2 . . 6 . . . Scanalyzers . | . . . . . . . . . . Garrison Access 2 | . . . . . . 2 . . . Terminal Hacks 51 | . 3 6 2 1 5 1 5 . 28 Record 21 | . . . . . 5 1 4 . 11 Part Schematic 10 | . . . . . . . . . 10 Robot Schematic 4 | . . . . . . . . . 4 Robot Analysis 4 | . 1 2 . 1 . . . . . Prototype ID Bank 3 | . . . . . . . . . 3 Open Door 1 | . . . . . . . 1 . . Level Access Points 1 | . . . 1 . . . . . . Terminal Index 2 | . 1 1 . . . . . . . Alert Level 2 | . . 1 1 . . . . . . Locate Traps 1 | . 1 . . . . . . . . Recall Reinforcements 1 | . . 1 . . . . . . . Zone Layout 1 | . . 1 . . . . . . . Fabricator Hacks . | . . . . . . . . . . Repair Station Hacks . | . . . . . . . . . . Recycling Unit Hacks . | . . . . . . . . . . Scanalyzer . | . . . . . . . . . . Garrison Access Hacks . | . . . . . . . . . . Unauthorized Hacks 16 | . 6 3 1 . . 6 . . . Terminals 9 | . 6 3 . . . . . . . Track 2 | . 1 1 . . . . . . . Botnet 4 | . 2 2 . . . . . . . Detonate 1 | . 1 . . . . . . . . Disrupt 1 | . 1 . . . . . . . . Operators 1 | . 1 . . . . . . . . Fabricators . | . . . . . . . . . . Repair Stations . | . . . . . . . . . . Recycling Units 6 | . . . 1 . . 5 . . . Reject 1 | . . . 1 . . . . . . Fedlink 5 | . . . . . . 5 . . . Scanalyzers . | . . . . . . . . . . Garrison Access 1 | . . . . . . 1 . . . Jam 1 | . . . . . . 1 . . . Data Cores Recovered . | . . . . . . . . . . Used . | . . . . . . . . . . Hacking Detections 22 | . 3 6 3 1 . 9 . . . Full Trace Events 1 | . . . . . . 1 . . . Feedback Events . | . . . . . . . . . . Feedback Blocked . | . . . . . . . . . . Robot Schematics Acquired 4 | . . . . . . . . . 4 Robots Built . | . . . . . . . . . . Authchips . | . . . . . . . . . . Time . | . . . . . . . . . . Total Robot Build Rating . | . . . . . . . . . . Part Schematics Acquired 10 | . . . . . . . . . 10 Parts Built . | . . . . . . . . . . Authchips . | . . . . . . . . . . Time . | . . . . . . . . . . Total Part Build Rating . | . . . . . . . . . . Parts Repaired . | . . . . . . . . . . Time . | . . . . . . . . . . Parts Recycled . | . . . . . . . . . . Recycled Matter . | . . . . . . . . . . Retrieved Matter . | . . . . . . . . . . Retrieved Components . | . . . . . . . . . . Parts Scanalyzed . | . . . . . . . . . . Part Schematics Acquired . | . . . . . . . . . . Parts Damaged . | . . . . . . . . . . Bothacking | -11 -10 -9 -9 -9 -9 -6 -6 -6 -6 ------------ Run | Yrd Mat Mat Sto Rec Scr Fac Low Low Dat Used RIF Installer . | . . . . . . . . . . Robots Hacked . | . . . . . . . . . . Non-combat . | . . . . . . . . . . Combat . | . . . . . . . . . . Robot Hacks Applied . | . . . . . . . . . . Relay Couplers Released . | . . . . . . . . . . Fabnet Peak Effective % . | . . . . . . . . . . Robots Rewired . | . . . . . . . . . . Allies Hacked . | . . . . . . . . . . Hacks Repelled . | . . . . . . . . . . Allies | -11 -10 -9 -9 -9 -9 -6 -6 -6 -6 -------- Run | Yrd Mat Mat Sto Rec Scr Fac Low Low Dat Total Allies . | . . . . . . . . . . Largest Group . | . . . . . . . . . . Highest-Rated Group . | . . . . . . . . . . Highest-Rated Ally . | . . . . . . . . . . Total Orders 1 | . . . . . . 1 . . . EXPLORE 1 | . . . . . . 1 . . . Ally Attacks . | . . . . . . . . . . Total Damage . | . . . . . . . . . . Kills . | . . . . . . . . . . Allies Corrupted . | . . . . . . . . . . Allies Melted . | . . . . . . . . . . Intel | -11 -10 -9 -9 -9 -9 -6 -6 -6 -6 ------- Run | Yrd Mat Mat Sto Rec Scr Fac Low Low Dat Active Infowar (turns) 4944 | 118 357 337 . . . 1660 1479 831 162 Optics 4132 | . . . . . . 1660 1479 831 162 Seismic 812 | 118 357 337 . . . . . . . Robot Analysis Total 4 | . 1 2 . 1 . . . . . Derelict Logs Recovered 1 | . . . . . . . 1 . . Drone Launches 2 | . . . . . . 2 . . . Drone Recoveries . | . . . . . . . . . . Exploration | -11 -10 -9 -9 -9 -9 -6 -6 -6 -6 ------------- Run | Yrd Mat Mat Sto Rec Scr Fac Low Low Dat Turns Passed 8440 | 182 357 351 503 124 2787 1664 1479 831 162 Spaces Moved 6106 | 96 258 213 264 131 2366 1070 1085 556 67 Core 1 | 1 . . . . . . . . . Treads 7 | . 3 4 . . . . . . . Legs . | . . . . . . . . . . Wheels 6098 | 95 255 209 264 131 2366 1070 1085 556 67 Hover . | . . . . . . . . . . Flight . | . . . . . . . . . . Fastest Speed 50 | 50 95 95 95 95 95 95 105 115 145 Average Speed 107 | 99 100 97 95 95 101 106 119 121 145 Slowest Speed 240 | 100 240 240 125 95 110 155 130 145 145 Overloaded Moves . | . . . . . . . . . . Propulsion Burnouts . | . . . . . . . . . . Robots Hopped . | . . . . . . . . . . Potential Cave-ins 5 | . . . . . . 5 . . . Cave-ins Triggered . | . . . . . . . . . . Exploration Rate (%) 53 | 4 54 22 42 40 93 35 98 64 80 Regions Visited 9 Branch Regions 6 Pre-discovered Areas 3 | . . . . . . 1 1 . 1 Known Exits Taken 5 | . . 1 1 1 1 1 . . . Unknown Exits Taken 4 | 1 1 . . . . . 1 1 . Scrap Searched 11 | . . . . . 4 . 1 6 . Spaces Dug 34 | . . 1 . . . 11 4 18 . Terrain Destroyed 104 | . 5 4 . . . 17 24 54 . Melee 11 | . . . . . . 11 . . . Projectile 39 | . . 1 . . . 2 24 12 . AOE 54 | . 5 3 . . . 4 . 42 . Terrain Rammed . | . . . . . . . . . . Walls Destroyed . | . . . . . . . . . . Machines Disabled . | . . . . . . . . . . Actions | -11 -10 -9 -9 -9 -9 -6 -6 -6 -6 --------- Run | Yrd Mat Mat Sto Rec Scr Fac Low Low Dat Total 7427 | 133 325 295 428 130 2765 1422 1172 645 112 Wait 607 | . 20 24 56 . 356 112 11 22 6 Move 6097 | 95 257 212 263 130 2365 1069 1084 555 67 Hop . | . . . . . . . . . . Pick Up 92 | 7 15 7 9 . 12 27 5 9 1 Fast Attach 56 | 7 1 1 8 . . 29 8 2 . Attach 43 | . 1 5 1 . . 14 6 6 10 Detach 11 | . . . . . . 1 2 3 5 Swap 69 | . 6 7 15 . 12 22 2 3 2 Drop 100 | 1 8 4 17 . 19 43 5 . 3 Fire 286 | 23 17 35 43 . . 56 49 45 18 Melee 50 | . . . . . 1 49 . . . Ram . | . . . . . . . . . . Kick . | . . . . . . . . . . Crush . | . . . . . . . . . . Escape Stasis 16 | . . . 16 . . . . . . Rewire . | . . . . . . . . . . Trap . | . . . . . . . . . . Miscellaneous . | . . . . . . . . . . Route ------- -11/Scrapyard -10/Materials (discovered 2 exits: *Mat / [*Min]) -9/Materials -9/Storage (discovered 2 exits: Mat / *Rec) -9/Recycling -9/Scraptown (discovered 2 exits: *Fac x2) -6/Factory (discovered 3 exits: *Fac / *Low x2) -6/Lower Caves -6/Lower Caves -6/Data Miner (discovered 1 exit: [*Pro]) History --------- Turn | Location | Event 21 | -11/Scrapyard | Discovered new exit (range 15) 183 | -11/Scrapyard | Entered Materials 184 | -10/Materials | Met a group of wandering Federalists 312 | -10/Materials | Build established: Mutant 331 | -10/Materials | Discovered new exit (range 9) 412 | -10/Materials | Discovered new exit (range 14) 540 | -10/Materials | Entered another Materials area 540 | -9/Materials | Evolved 2 slots: Utility x2 729 | -9/Materials | Lost 4 parts (1p1n2w) 863 | -9/Materials | Discovered new exit (range 15) 878 | -9/Materials | Identified exit to Storage 891 | -9/Materials | Entered Storage 892 | -9/Storage | Identified exit to Materials 1338 | -9/Storage | Used back door to open Recycling access 1338 | -9/Storage | Discovered new exit (range 4) 1340 | -9/Storage | Identified exit to Recycling 1394 | -9/Storage | Entered Recycling 1494 | -9/Recycling | Scanned before Scraplab entrance 1508 | -9/Recycling | Entered Scraplab 1515 | -9/Recycling | Discovered new exit (range 3) 1516 | -9/Recycling | Identified exit to Scraptown 1518 | -9/Recycling | Entered Scraptown 1623 | -9/Scraptown | Heard Great Nut preacher, LISTEN AND RECITE! 1662 | -9/Scraptown | Visited Red Mages 1700 | -9/Scraptown | Visited Spacefarers 1736 | -9/Scraptown | Visited Comm Corps 1957 | -9/Scraptown | Discovered new exit (range 5) 2080 | -9/Scraptown | Visited Cave Peace 2124 | -9/Scraptown | Visited CR-KLE's Repair Center 2134 | -9/Scraptown | Visited Shadow of the Wyrm 2326 | -9/Scraptown | Visited SPCMW 2358 | -9/Scraptown | Visited UFD Registry 2358 | -9/Scraptown | Registered with UFD as "Steamcore" 2385 | -9/Scraptown | Visited Junk Repository 2414 | -9/Scraptown | Visited Junk Cannon Lab 2440 | -9/Scraptown | Visited LU-1G1's Boring Crew 2584 | -9/Scraptown | Visited Botcube Research 2591 | -9/Scraptown | Found Botcube 2620 | -9/Scraptown | Visited Scrap Suit Storage 2669 | -9/Scraptown | Visited Research Penetration Think Tank 2690 | -9/Scraptown | Visited Junk Repository 2722 | -9/Scraptown | Visited DA-N13 Charitable Foundation 2730 | -9/Scraptown | Found DCF Scrap (27 items) 2750 | -9/Scraptown | Visited Infowarlord's Domain 2770 | -9/Scraptown | Found Spectral Analyzer 3445 | -9/Scraptown | Discovered new exit (range 5) 3621 | -9/Scraptown | CR-KLE repaired 8 parts 3757 | -9/Scraptown | Identified exit to Factory 3823 | -9/Scraptown | Met Optimus 3823 | -9/Scraptown | Accepted into 0bPrime 4223 | -9/Scraptown | Civil war broke out across Scraptown 4234 | -9/Scraptown | Found Scrap Suit 4305 | -9/Scraptown | Entered Factory 4305 | -6/Factory | Evolved 6 slots: Power x1, Propulsion x1, Utility x4 4318 | -6/Factory | Lost 5 allies 4339 | -6/Factory | Spotted B-75 Beast 4426 | -6/Factory | Lost 3 parts (1p1n1u) 4428 | -6/Factory | Loaded intel: 8 recycling unit locations 4645 | -6/Factory | Discovered new exit (range 10) 4676 | -6/Factory | Identified exit to Lower Caves 4847 | -6/Factory | Build established: Scavenger-Mutant 5014 | -6/Factory | Learned location of Protoforge (-3) 5114 | -6/Factory | Lost 3 parts (2n1u) 5524 | -6/Factory | Found Hvy. Insulated Plating 5844 | -6/Factory | Discovered new exit (range 4) 5848 | -6/Factory | Identified exit to Factory 5923 | -6/Factory | Discovered exit to Lower Caves (range 12) 5969 | -6/Factory | Entered Lower Caves 6019 | -6/Lower Caves | Build established: Mutant 6037 | -6/Lower Caves | Spotted B-75 Beast 6038 | -6/Lower Caves | Attracted the attention of an 0b10 checkpoint 6147 | -6/Lower Caves | Destroyed B-75 Beast 6337 | -6/Lower Caves | Learned Factory stockpile data 6804 | -6/Lower Caves | Core integrity fell below 50% 6826 | -6/Lower Caves | Lost 3 parts (1n2u) 6830 | -6/Lower Caves | Learned 8 Factory zone layouts 6846 | -6/Lower Caves | Discovered new exit (range 21) 7054 | -6/Lower Caves | Build established: Scavenger-Mutant 7448 | -6/Lower Caves | Entered another Lower Caves area 7725 | -6/Lower Caves | Encountered a Warlord checkpoint 7850 | -6/Lower Caves | Lost 4 parts (3u1w) 7997 | -6/Lower Caves | Discovered new exit (range 9) 8041 | -6/Lower Caves | Core integrity fell below 20% 8279 | -6/Lower Caves | Entered Data Miner 8282 | -6/Data Miner | Discovered new exit (range 6) 8298 | -6/Data Miner | Met Data Miner 8336 | -6/Data Miner | Learned location of Section 7 (-3) 8336 | -6/Data Miner | Acquired the access code to Warlord's prototype stash 8357 | -6/Data Miner | Received God Mode back door access code from Data Miner 8381 | -6/Data Miner | Data Conduit disabled 8441 | -6/Data Miner | Destroyed by Enhanced Grunt with Neutron Cannon Last Messages --------------- 08414_ Enhanced Grunt system terminally corrupted. 08414_ Prototype Device fried. 08414_ Adv. Particle Charger fried. 08416_ Enhanced Grunt system terminally corrupted. 08416_ Adv. Heat Sink fried. 08416_ Prototype Device fried. 08416_ Adv. Heat Sink fried. 08416_ Prototype Storage fried. 08416_ Enhanced Grunt system terminally corrupted. 08416_ Prototype Device fried. 08416_ Adv. Heat Sink fried. 08416_ Adv. Particle Charger fried. 08416_ Adv. Heat Sink fried. 08416_ Imp. Weapon Shielding destroyed. 08416_ Gui. EMP Blaster destroyed. 08434_ Overheating: Energy bleed (-49). 08435_ Carbon-fiber Leg destroyed. Map ----- +----------------------------------------------------+ | | | | | | | | | | | | | | | | | | | | | | | | | | | | | | | | | | | | | ??????????????????????????????????????? | | ??????????????????????????????????????? | | ??????????????????????????????????????? | | ??????????????????????????????????????? | | ?????????????????????????????????????## | | ????#################??????????????### | | ???##"""""""""" =!#;####????????## | | ??##""""""" " @ =%]* # # # #### < | | ??#"""""" ! %= g | | ??#"""""" ]%= | | ??#"""""" ! | | ??#""""" | | ??#""""" | | ??#""""""" """"""""""""""" | | ??#"""""""" """"############# | | ??##""""""" """""###???????????? | | ???##"""""""" "#####?????????????? | | ????########"## "#?????????????????? | | ???????????#"### "#?????????????????? | | ???????????#"### "#?????????????????? | | ???????????#"## "#?????????????????? | | ???????????#"## "#?????????????????? | | ???????????#"# "#?????????????????? | | ???????????#"### "#?????????????????? | | ???????????????# "##????????????????? | | ??????????????## ""#????????????????? | | ?????????????## ""#????????????????? | | ????????#"##"#"X ""#????????????????? | | ????????#"""""" "#####????????????? | | ????????##""""" X"""""#????????????? | | ?????????###"#"X "##"##????????????? | | ???????????#"## X""""#?????????????? | +----------------------------------------------------+ Best States ------------- Heat Dissipation 112 Energy Generation 33 Energy Capacity 900 Matter Stores 462 Matter Capacity 500 Sight Range 24 Terrain Scan Density 10 Armor Coverage 600 Resistance: TH 20 Resistance: EM 30 Weapon Shielding 66 Evasion (%) 41 Targeting Accuracy 5 Melee Accuracy 5 Recoil Reduction 1 Particle Charging 20 Item Schematics ----------------- Combat Drone Bay | -6/Data Miner | Free Lgt. Regenerative Plating | -6/Data Miner | Free Exp. Cesium-ion Thruster | -6/Data Miner | Free Prc. Matter Filter | -6/Data Miner | Free Tesla Bomb Launcher | -6/Data Miner | Free Impulse Thruster | -6/Data Miner | Free Imp. Armor Integrity Analyzer | -6/Data Miner | Free Hardcell Cannon | -6/Data Miner | Free Hvy. Siege Treads | -6/Data Miner | Free Tesla Rifle | -6/Data Miner | Free Robot Schematics ------------------ Y-54 Guardian | -6/Data Miner | Free R-10 Processor | -6/Data Miner | Free G-50 Soldier | -6/Data Miner | Free L-61 Swordsman | -6/Data Miner | Free Fabricated ------------ Nothing Repaired ---------- Nothing Alien Tech Used ----------------- None Achievements -------------- None Challenges ------------ None Game ------ Seed PulseHeartFacilitator Manual? 0 Play Time 01:34:08 Cumulative 158.9 hours Start 2025.05.09 @ 13:49:56 End 2025.05.09 @ 15:36:19 Sessions 1 Manual Loads 0 Difficulty Rogue Special Mode None Game No. 182 Rogue 182 Adventurer 0 Explorer 0 Win Type - Total 1 Types 1/0/0/0/0/0/0/0/0/0 Lore% 64 Gallery% 67 Achievement% 61 Wizard Run 0 Options --------- Layout 1 ASCII 0 Keyboard 0 Movement Numpad Keybinds 0 Fullscreen 1 Font 24/Smallcaps Map View 50x35 Zoom Use 0% Tactical HUD 1 Map Filters NONE Filters NONE Steam 1 RUN: 1cfb855e-77d9-40d0-ad61-b0b29d020134